 Dungeon Crawl Stone Soup version 0.18-a0-1196-g09327cf (webtiles) character file.

538 IcyTea the Cutter (level 7, 0/45 HPs)
             Began as an Octopode Assassin on Jan 30, 2016.
             Killed from afar by an orc wizard (12 damage)
             ... with a puff of flame
             ... on level 4 of the Dungeon.
             The game lasted 00:24:34 (4553 turns).

IcyTea the Cutter (Octopode Assassin)               Turns: 4553, Time: 00:24:34

Health: 0/45       AC:  1    Str: 15    XL:     7   Next: 26%
Magic:  6/8        EV: 12    Int: 15    God:
Gold:   171        SH:  3    Dex: 14    Spells: 1 memorised, 7 levels left

rFire  . . .     SeeInvis .     a - +3 rapier
rCold  + . .     Gourm    .     (no shield)
rNeg   . . .     Faith    .     (helmet restricted)
rPois  .         Spirit   .     i - +3 amulet of reflection
rElec  .         Dismiss  .     y - ring of protection from cold
rCorr  .         Reflect  +     B - +5 ring of strength
SustAt .         Harm     .     (no ring)
MR     .....                    (no ring)
Stlth  ++++......               (no ring)
                                (no ring)
                                (no ring)
                                (no ring)

@: not resistant to hostile enchantments, stealthy
A: almost no armour, amphibious, 8 rings, constrict 8, camouflage 1, gelatinous
body 1
a: no special abilities


You were on level 4 of the Dungeon.
You were not hungry.

You visited 1 branch of the dungeon, and saw 5 of its levels.

You collected 171 gold pieces.

Inventory:

Hand Weapons
 a - a +3 rapier (weapon)
 b - a +0 blowgun
 n - a +2 dagger
Missiles
 c - 34 poisoned needles
 d - 2 curare-tipped needles
 x - 9 tomahawks
 A - 7 javelins (quivered)
Jewellery
 i - a +3 amulet of reflection (around mantle)
 l - an uncursed amulet of dismissal
 y - a ring of protection from cold (left tentacle)
 B - a +5 ring of strength (right tentacle)
Scrolls
 e - 6 scrolls of identify
 g - a scroll of teleportation
 k - 4 scrolls of magic mapping
 r - a scroll of recharging {unknown}
 t - a scroll of immolation {unknown}
 v - a scroll of remove curse {unknown}
Potions
 h - a potion of brilliance
 j - a potion of might
 m - a potion of beneficial mutation {unknown}
 o - 2 potions of curing
 p - 2 potions of flight
 q - a potion of haste {unknown}
 u - a potion of lignification {unknown}
 w - a potion of poison {unknown}
Books
 s - a book of Beasts

   Spells                             Type                      Level
   a - Summon Butterflies             Summoning                    1
   b - Call Canine Familiar           Summoning                    3
   c - Summon Ice Beast               Ice/Summoning                4
   d - Summon Mana Viper              Hexes/Summoning              5
   e - Summon Hydra                   Summoning                    7
Comestibles
 f - 2 bread rations
 z - a meat ration


   Skills:
 - Level 2.0 Fighting
 + Level 6.2 Short Blades
 - Level 2.0 Throwing
 - Level 1.0 Dodging
 - Level 5.3 Stealth
 - Level 1.0 Spellcasting
 - Level 4.0 Summonings


You had 7 spell levels left.
You knew the following spells:

 Your Spells              Type           Power        Failure   Level  Hunger
a - Summon Butterflies    Summ           ##......     6%          1    ##.....


Dungeon Overview and Level Annotations

Branches:
Dungeon (5/15)
 Temple: D:4-7

Altars:
Pakellas


Innate Abilities, Weirdness & Mutations

You cannot wear most types of armour.
You are amphibious.
You can wear up to eight rings at the same time.
You can use your tentacles to constrict eight enemies at once.
Your skin changes colour to match your surroundings (Stealth).
Your rubbery body absorbs attacks (AC +1).


Message History

The orc wizard is almost dead.
You constrict the orc wizard.
You kill the orc wizard!
Something hits you.
You barely miss something. You closely miss something. Something hits you.
You completely miss something. Your squeeze misses something.
Something hits you.
You hit something. You squeeze something. Something hits you.
You hit something.
You hear some strange, mumbled words.
A puff of frost appears from out of thin air!
The puff of frost hits you! You resist.
You miss something. Something hits you.
* * * LOW HITPOINT WARNING * * *
You hit something. Your squeeze misses something.
You hear some strange, mumbled words.
A puff of flame appears from out of thin air!
The puff of flame hits you!
You die...

#...# ##.#...# # ###.###
#)...## #### #...###
#.##.#####...
###...###.......#....
###........##....#.
###...#......###.
###[.#...........
########......##........
####.....>@)b..........#...
#......b...{.#.###o.##.#.#.
#####.b.b.b##..##..###.....
#...b..##.#...######.##
#..b..###b#.#####..).##
#.b.........# #..#####
#.....##.#### #.#.....
#.....##.# ####...####
#.....##.####.....##


There were no monsters in sight!

Vanquished Creatures
  A phantom (D:4)
  An ogre (D:4)
  A gnoll shaman (D:4)
  A hound (D:4)
  3 orc wizards
  A giant frog skeleton (D:4)
  A worker ant (D:4)
  5 gnolls
  4 adders
  A worm (D:2)
  3 giant geckos
  10 orcs
  5 bats
  A giant cockroach (D:2)
  9 goblins
  9 hobgoblins
  10 kobolds
  3 giant newts
  8 rats
77 creatures vanquished.

Vanquished Creatures (others)
  A cyclops (D:2)
1 creature vanquished.

Grand Total: 78 creatures vanquished

Notes
Turn   | Place    | Note
--------------------------------------------------------------
     0 | D:1      | IcyTea the Octopode Assassin began the quest for the Orb.
     0 | D:1      | Reached XP level 1. HP: 14/14 MP: 1/1
   576 | D:1      | Reached XP level 2. HP: 14/19 MP: 2/2
  1379 | D:2      | Reached XP level 3. HP: 24/24 MP: 3/3
  1518 | D:2      | Found a faded altar to an unknown god.
  1556 | D:2      | Found an oddly glowing altar of Pakellas.
  1557 | D:2      | Noticed a cyclops
  1562 | D:2      | Killed a cyclops
  2098 | D:2      | Reached XP level 4. HP: 25/29 MP: 4/4
  2355 | D:3      | Learned a level 1 spell: Summon Butterflies
  2466 | D:3      | Reached skill level 1 in Summonings
  2890 | D:3      | Reached skill level 1 in Spellcasting
  2973 | D:4      | Reached XP level 5. HP: 34/34 MP: 6/6
  3194 | D:4      | Noticed an ogre
  3198 | D:4      | Killed an ogre
  3198 | D:4      | Reached XP level 6. HP: 39/39 MP: 7/7
  3657 | D:4      | Reached skill level 5 in Short Blades
  4132 | D:4      | Noticed a phantom
  4162 | D:4      | Killed a phantom
  4162 | D:4      | Reached XP level 7. HP: 36/45 MP: 8/8
  4375 | D:5      | Entered Level 5 of the Dungeon
  4543 | D:4      | Reached skill level 6 in Short Blades
  4553 | D:4      | Killed from afar by an orc wizard

Vault maps used:
D:1:      minmay_arrival_up_and_down
D:2:      first_bread, ecumenical_altar_2, gammafunk_pakellas_spire_experiment
D:3:      serial_glass, glass_columns_a, glass_columns_a
D:5:      kennysheep_little_box, lemuel_crystal_altar, basic_altar,
          serial_shops, nicolae_shop_statue_plus

Action                   |  1- 3 |  4- 6 |  7- 9 || total
-------------------------+-------+-------+-------++-------
Melee: Dagger            |    69 |    30 |       ||    99
       Rapier            |       |    59 |    18 ||    77
 Cast: Summon Butterflie |       |     1 |     4 ||     5
  Use: Scroll            |     3 |     7 |       ||    10
       Potion            |     2 |     1 |       ||     3
 Stab: Sleeping          |    13 |    14 |       ||    27
  Eat: Chunk             |     3 |     7 |     1 ||    11
